 Dungeon Sprint DCSS version 0.21-a0-91-ga5031da (webtiles) character file.

182 Angani the Brawler (level 10, -3/172 HPs)
             Began as a Troll Fighter on June 30, 2017.
             Was the Champion of Jiyva.
             Slain by an anaconda (10 damage)
             ... in the Dungeon (Sprint VI: "Thunderdome").
             The game lasted 00:07:49 (1033 turns).

Angani the Brawler (Troll Fighter)                  Turns: 1033, Time: 00:07:49

Health: -3/172     AC:  6    Str: 36    XL:     10   Next: 5%
Magic:  9/9        EV:  5    Int:  2    God:    Jiyva [******]
Gold:   515        SH: 10    Dex: 15    Spells: 9/9 levels left

rFire    + . .     SeeInvis .     - Unarmed
rCold    + . .     Gourm    +   b - +0 shield
rNeg     . . .     Faith    .   a - +0 robe
rPois    .         Spirit   .   (helmet restricted)
rElec    +         Reflect  .   r - +0 cloak
rCorr    +         Harm     .   (gloves unavailable)
MR       .....     NoTele   +   (boots unavailable)
Stlth    ..........             o - amulet of Pyerhu {Regen+ Int+3 Dex+2}
HPRegen  1.18/turn              p - ring of the Crushed Tales {rElec rF+ rC+ Str+2 Int-3}
MPRegen  0.11/turn              (no ring)

@: berserking, constricted, very quick
A: unfitting armour, claws 3, hooves 1, fast metabolism 3, gourmand,
regeneration 1, shaggy fur 1, strong 1, tough skin 2
}: 1/15 runes: decaying
a: Request Jelly, Slimify, Cure Bad Mutation, Renounce Religion


You were in the Dungeon.
You worshipped Jiyva.
Jiyva was exalted by your worship.
You were not hungry.

You visited 1 branch You collected 650 gold pieces.
You spent 135 gold pieces at shops.

Inventory:

Armour
 a - a +0 robe (worn)
 b - a +0 shield (worn)
 r - a +0 cloak (worn)
Jewellery
 o - the amulet of Pyerhu (around neck) {Regen+ Int+3 Dex+2}
   (You bought it in a shop in the Dungeon)

   [amulet of regeneration]

   It affects your intelligence (+3).
   It affects your dexterity (+2).
   It increases your rate of regeneration.
 p - the ring of the Crushed Tales (left claw) {rElec rF+ rC+ Str+2 Int-3}
   (You bought it in a shop in the Dungeon)

   [ring of strength]

   It affects your strength (+2).
   It affects your intelligence (-3).
   It protects you from fire.
   It protects you from cold.
   It insulates you from electricity.
 q - the ring "Keott" {Ice rElec}
   (You bought it in a shop in the Dungeon)

   [ring of ice]

   It enhances your ice magic.
   It makes you vulnerable to fire.
   It protects you from cold.
   It insulates you from electricity.
Wands
 l - a wand of acid (2/15)
 m - a wand of iceblast (5/15)
Scrolls
 j - 4 scrolls of blinking
 n - 3 scrolls of fog
Potions
 g - 4 potions of haste
 h - 2 potions of magic
 k - a potion of resistance
Comestibles
 d - a bread ration


   Skills:
 + Level 11.7 Fighting
 - Level 2.4 Dodging
 - Level 2.4 Shields
 * Level 18.0 Unarmed Combat


You had 9 spell levels left.
You didn't know any spells.

Dungeon Overview and Level Annotations

Branches:
Dungeon (1/1)

Altars:
Cheibriados
Dithmenos
Fedhas
Gozag
Kikubaaqudgha
Makhleb
Okawaru
Qazlal
Ru
Sif Muna
Trog
Uskayaw
Vehumet
Wu Jian
Xom
Yredelemnul
Zin
The Shining One
Beogh
Jiyva
Lugonu

Shops:
D *[%??*?*:[((!!!!


Innate Abilities, Weirdness & Mutations

You are too large for most types of armour.
You have claws for hands.
Your metabolism is lightning-fast.
You like to eat raw meat.
Your natural rate of healing is unusually fast.
You are covered in fur. (AC +1)
You have very tough skin. (AC +2)
You have large cloven feet.
Your muscles are strong. (Str +2)


Message History

The anaconda is lightly wounded.
The anaconda bites you!
* * * LOW HITPOINT WARNING * * *
x2 The anaconda constricts you.
Unknown command.
A red film seems to cover your vision as you go berserk!
You feel yourself moving faster!
You feel mighty! You block the anaconda's attack.
* * * LOW HITPOINT WARNING * * *
The anaconda constricts you. The anaconda bites you!
* * * LOW HITPOINT WARNING * * *
x2 The anaconda constricts you.
Unknown command.
You closely miss the anaconda. Your kick misses the anaconda.
The anaconda is lightly wounded.
Unknown command.
You miss the anaconda. You kick the anaconda!
The anaconda is moderately wounded.
The anaconda bites you!
You die...

###.........### #⌠...........⌠#
######.8.........8.######
##∩__.......###......___∩##
###∩........8.# #.8........∩###
#.............###.............##
⌠..........###...###..........⌠#
⌠..........# #.<.# #..........⌠#
⌠..........###..@###...N......⌠#
#.............###S.N..........##
###∩........8.# #.8........∩###
##∩___......###.......__∩##
######.8J........8.######
#⌠JJ.........⌠# ###.........###
#_.J....._# #_..J...._#


You could see a salamander and an anaconda.

Vanquished Creatures
  A hydra (D)
  A spriggan (D)
  A swamp dragon (D)
  A salamander (D)
  A black mamba (D)
  A naga mage (D)
  A hornet (D)
  Sigmund (D)
  A naga (D)
  2 porcupines (D)
  An ogre (D)
  A crocodile (D)
  2 gnoll sergeants (D)
  A hound (D)
  Crazy Yiuf (D)
  A gnoll shaman (D)
  Terence (D)
  A hell rat (D)
  A river rat (D)
  A frilled lizard (D)
22 creatures vanquished.

Vanquished Creatures (collateral kills)
  An alligator (D)
  An insubstantial wisp (D)
  A swamp drake (D)
3 creatures vanquished.

Vanquished Creatures (others)
  5 jellies (D)
  A rat (D)
6 creatures vanquished.

Grand Total: 31 creatures vanquished

Notes
Turn   | Place    | Note
-------+----------+-------------------------------------------
     0 | D        | Angani the Troll Fighter began the quest for the Orb.
     0 | D        | Reached XP level 1. HP: 22/22 MP: 0/0
     3 | D        | Found a deep blue altar of Sif Muna.
     4 | D        | Found a blossoming altar of Fedhas.
     4 | D        | Found a hide-covered altar of Uskayaw.
     5 | D        | Found a bloodstained altar of Trog.
     5 | D        | Found a glowing silver altar of Zin.
     5 | D        | Round 1.
     7 | D        | Found a sacrificial altar of Ru.
     7 | D        | Found a corrupted altar of Lugonu.
    11 | D        | Found an opulent altar of Gozag.
    12 | D        | Found an iron altar of Okawaru.
    12 | D        | Found an ornate altar of the Wu Jian Council.
    15 | D        | Found a glowing golden altar of the Shining One.
    15 | D        | Found a roughly hewn altar of Beogh.
    19 | D        | Found a snail-covered altar of Cheibriados.
    20 | D        | Found a shimmering altar of Xom.
    20 | D        | Found a viscous altar of Jiyva.
    21 | D        | Found a shadowy altar of Dithmenos.
    21 | D        | Found a basalt altar of Yredelemnul.
    22 | D        | Found an ancient bone altar of Kikubaaqudgha.
    22 | D        | Found a stormy altar of Qazlal.
    22 | D        | Found Keniqoz's Weapon Rack.
    22 | D        | Found Pyenoq's Premium Goods.
    23 | D        | Found Arot Ece's Basic Armour.
    23 | D        | Found Gukus's Miscellaneous Merchandise.
    28 | D        | Became a worshipper of Jiyva Jiheoblu the Shapeless
    34 | D        | Found a radiant altar of Vehumet.
    35 | D        | Found a burning altar of Makhleb.
    37 | D        | Found Tyzod's Identification Station.
    38 | D        | Found Evonwac's Advanced Armour.
    38 | D        | Found Weschin's Jewellery.
    38 | D        | Found Polulu's Bee Food.
    46 | D        | Bought a pitted emerald amulet for 45 gold pieces
    46 | D        | Bought a fine copper ring for 45 gold pieces
    46 | D        | Bought a vibrating bone ring for 45 gold pieces
    46 | D        | Identified the amulet of Pyerhu {Regen+ Int+3 Dex+2} (You bought it in a shop in the Dungeon)
    47 | D        | Identified the ring of the Crushed Tales {rElec rF+ rC+ Str+2 Int-3} (You bought it in a shop in the Dungeon)
    48 | D        | Identified the ring "Keott" {Ice rElec} (You bought it in a shop in the Dungeon)
    59 | D        | Found Taigafum's Magic Scroll Shop.
    60 | D        | Found Lulil's Staff Store.
    60 | D        | Found Zesahung's Magic Scroll Shop.
    60 | D        | Found Loohagg's Must-Have Magic.
    68 | D        | Found Hecw's Distillery.
    70 | D        | Found Didiam's Distillery.
    70 | D        | Found Fidug's Bottled Wisdom.
    70 | D        | Found Cusish's Do-It-Yourself Clinic.
    77 | D        | Noticed Sigmund
    84 | D        | Killed Sigmund
    84 | D        | Reached skill level 5 in Fighting
    84 | D        | Reached skill level 8 in Unarmed Combat
    84 | D        | Reached XP level 2. HP: 35/35 MP: 1/1
    84 | D        | Reached XP level 3. HP: 42/42 MP: 2/2
    84 | D        | Reached XP level 4. HP: 50/50 MP: 3/3
    84 | D        | Reached XP level 5. HP: 57/57 MP: 4/4
    88 | D        | Reached * piety under Jiyva
    88 | D        | Reached ** piety under Jiyva
   101 | D        | Noticed an ogre
   106 | D        | Killed an ogre
   106 | D        | Reached skill level 10 in Unarmed Combat
   116 | D        | Noticed Terence
   121 | D        | Reached *** piety under Jiyva
   126 | D        | Killed Terence
   126 | D        | Arena points: 12 (+12) [x2]
   198 | D        | Round 2.
   206 | D        | Noticed Crazy Yiuf
   211 | D        | Killed Crazy Yiuf
   211 | D        | Reached XP level 6. HP: 44/68 MP: 0/5
   249 | D        | Gained mutation: Your spells are a little easier to cast, but a little less powerful. [Jiyva's grace]
   263 | D        | Reached **** piety under Jiyva
   265 | D        | Lost mutation: Your spells are a little easier to cast, but a little less powerful. [Jiyva's grace]
   265 | D        | Reached ***** piety under Jiyva
   265 | D        | Gained mutation: You have an increased reservoir of magic. (+10% MP) [Jiyva's grace]
   287 | D        | Reached skill level 11 in Unarmed Combat
   295 | D        | Gained mutation: Your muscles are strong. (Str +2) [Jiyva's grace]
   301 | D        | Gained mutation: You have large cloven feet. [Jiyva's grace]
   301 | D        | Reached ****** piety under Jiyva
   302 | D        | Arena points: 48 (+36) [x3]
   357 | D        | Round 3.
   378 | D        | Noticed a porcupine
   382 | D        | Killed a porcupine
   382 | D        | Reached skill level 12 in Unarmed Combat
   382 | D        | Reached XP level 7. HP: 79/79 MP: 6/6
   421 | D        | Lost mutation: Your muscles are strong. (Str +2) [Jiyva's grace]
   450 | D        | Noticed an eight-headed hydra
   454 | D        | Killed an eight-headed hydra
   454 | D        | Reached skill level 14 in Unarmed Combat
   454 | D        | Reached XP level 8. HP: 92/92 MP: 7/7
   459 | D        | Arena points: 132 (+84) [x4]
   522 | D        | Round 4.
   528 | D        | Noticed a shining eye
   560 | D        | Lost mutation: You have an increased reservoir of magic. (+10% MP) [Jiyva's grace]
   560 | D        | Gained mutation: Your muscles are strong. (Str +2) [Jiyva's grace]
   583 | D        | Arena points: 152 (+20) [x5]
   598 | D        | Round 5.
   601 | D        | Noticed the 27-headed Lernaean hydra
   602 | D        | Noticed an eight-headed hydra
   606 | D        | Slimified the 27-headed Lernaean hydra
   606 | D        | Noticed an azure jelly shaped Lernaean hydra
   606 | D        | the 27-headed Lernaean hydra changed into an azure jelly shaped Lernaean hydra
   610 | D        | Slimified an eight-headed hydra
   610 | D        | Noticed an acid blob
   610 | D        | an eight-headed hydra changed into an acid blob
   614 | D        | Noticed an alligator
   623 | D        | Killed an alligator
   623 | D        | Reached skill level 15 in Unarmed Combat
   628 | D        | Noticed a swamp dragon
   632 | D        | Gained mutation: Your flesh is heat resistant. (rF+) [Jiyva's grace]
   634 | D        | Killed a swamp dragon
   634 | D        | Reached skill level 10 in Fighting
   634 | D        | Reached XP level 9. HP: 55/102 MP: 3/8
   636 | D        | Gained mutation: You are resistant to hostile enchantments. (MR+) [Jiyva's grace]
   645 | D        | Reached skill level 16 in Unarmed Combat
   677 | D        | Noticed a spriggan rider
   684 | D        | Killed a spriggan rider
   684 | D        | Reached skill level 17 in Unarmed Combat
   742 | D        | Arena points: 182 (+30) [x1]
   743 | D        | Got a decaying rune of Zot
   954 | D        | Round 6.
   966 | D        | Noticed a black mamba
   971 | D        | Killed a black mamba
   984 | D        | Noticed a salamander
   986 | D        | Gained mutation: You can translocate small distances at will. [Jiyva's grace]
   989 | D        | Noticed a naga mage
   994 | D        | Killed a salamander
   999 | D        | Killed a naga mage
   999 | D        | Reached XP level 10. HP: 37/114 MP: 9/9
  1002 | D        | Lost mutation: You are resistant to hostile enchantments. (MR+) [Jiyva's grace]
  1002 | D        | Lost mutation: Your flesh is heat resistant. (rF+) [Jiyva's grace]
  1009 | D        | Reached skill level 18 in Unarmed Combat
  1017 | D        | Lost mutation: You can translocate small distances at will. [Jiyva's grace]
  1022 | D        | Noticed an anaconda
  1022 | D        | Noticed a salamander
  1031 | D        | HP: 6/172 [anaconda (3)]
  1033 | D        | Slain by an anaconda

Vault maps used:
D:        arena_sprint

Skill      XL: |  1  2  3  4  5  6  7  8  9 10 |
---------------+-------------------------------+-----
Fighting       | 5 6 7 9 10 11 | 11.7
Unarmed Combat | 8 10 12 14 15 17 18 | 18.0
Dodging        | |  2.4
Shields        | |  2.4

Action                   |  1- 3 |  4- 6 |  7- 9 | 10-12 || total
-------------------------+-------+-------+-------+-------++-------
Melee: Unarmed           |     4 |    28 |    43 |     6 ||    81
       Kick              |       |       |    19 |     3 ||    22
Invok: Request Jelly     |       |       |     3 |       ||     3
       Slimify           |       |       |     2 |       ||     2
Evoke: Wand              |       |       |     3 |       ||     3
  Use: Potion            |       |       |     6 |     1 ||     7
  Eat: Bread ration      |       |       |     1 |       ||     1
Armor: Robe              |       |     5 |     1 |     1 ||     7
Dodge: Dodged            |       |     5 |     7 |       ||    12
Block: Shield            |     4 |     9 |    18 |     3 ||    34
